 Seeded DCSS version 0.29-a0-72-g1732ff48e7 (webtiles) character file.

Game seed: 10000000000011 (custom seed)

17857 knot the Severer (level 12, 81/81 HPs)
             Began as a Demonspawn Berserker on Feb 4, 2022.
             Was a Priest of Trog.
             Quit the game on level 3 of the Lair of Beasts.
             The game lasted 00:20:49 (19625 turns).

knot the Severer (Demonspawn Berserker)            Turns: 19625, Time: 00:20:50

Health: 81/81      AC: 14    Str: 20    XL:     12   Next: 22%
Magic:  22/22      EV:  9    Int: 17    God:    Trog [***...]
Gold:   354        SH:  5    Dex: 12    Spells: 11/11 levels left

rFire   . . .      SeeInvis .   u - +2 hand axe (freeze)
rCold   + . .      Faith    .   (no shield)
rNeg    . . .      Spirit   +   G - +1 chain mail of Urghimes {Fly rPois rC+ Slay-2 Stlth+}
rPois   +          Reflect  +   x - +3 hat of Pondering {ponderous, Will+ MP+10 Int+5}
rElec   .          Harm     .   F - +1 cloak {Stlth+}
rCorr   .          Rampage  .   (gloves unavailable)
Will    ++...                   (no boots)
Stlth   +.........              d - amulet of reflection
HPRegen 0.23/turn               v - ring of willpower
MPRegen 0.36/turn               (no ring)

@: flying, slow
A: powered by death 1, magic shield, magic regeneration, magic link, sturdy
frame 1, demonic touch 3
a: Renounce Religion, Berserk, Trog's Hand


You were on level 3 of the Lair of Beasts.
You worshipped Trog.
Trog was most pleased with you.
You visited 3 branches of the dungeon, and saw 13 of its levels.

You collected 694 gold pieces.
You spent 340 gold pieces at shops.

Inventory:

Hand Weapons
 u - a +2 hand axe of freezing (weapon)
 y - a +3 scimitar of flaming
 C - a +0 battleaxe
 I - a +3 hand axe
Missiles
 f - 259 stones
 i - a throwing net
 o - 22 sling bullets
 p - 5 boomerangs (quivered)
 t - 7 poisoned darts
 B - a curare-tipped dart
Armour
 r - a +2 robe of fire resistance
 x - the +3 hat of Pondering (worn) {ponderous, Will+ MP+10 Int+5}
   (You found it on level 8 of the Dungeon)

   Int:       It affects your intelligence (+5).
   MP:        It affects your magic capacity (+10).
   Will:      It increases your willpower.
 z - a +2 robe of cold resistance
 F - a +1 cloak of stealth (worn)
 G - the +1 chain mail of Urghimes (worn) {Fly rPois rC+ Slay-2 Stlth+}
   (You bought it in a shop on level 3 of the Dungeon)

   Slay:      It affects your accuracy & damage with ranged weapons and melee
   (-2).
   rC:        It protects you from cold.
   rPois:     It protects you from poison.
   Fly:       It grants you flight.
   Stlth:     It makes you more stealthy.
Jewellery
 d - an amulet of reflection (around neck)
 v - a ring of willpower (left hand)
 D - a ring of resist corrosion
Wands
 b - a wand of iceblast (16)
 k - a wand of polymorph (10)
 q - a wand of flame (26)
 E - a wand of paralysis (2)
Scrolls
 c - 2 scrolls of amnesia
 g - 2 scrolls of holy word
 h - 3 scrolls of teleportation
 l - 2 scrolls of identify
 m - 2 scrolls of fog
 n - 4 scrolls of blinking
 A - a scroll of magic mapping
 K - a scroll of acquirement
Potions
 a - a potion of berserk rage
 e - a potion of brilliance {unknown}
 j - 6 potions of curing
 s - a potion of resistance
 w - 2 potions of attraction {unknown}
 H - a potion of invisibility {unknown}
 J - a potion of flight {unknown}


   Skills:
 - Level 3.0 Fighting
 * Level 16.0 Axes
 * Level 9.5 Throwing
 - Level 1.7 Armour
 - Level 1.7 Dodging


You had 11 spell levels left.
You didn't know any spells.
Your spell library contained the following spells:

 Spells                   Type           Power      Damage    Failure   Level
 Pain                     Necr           0%         1d4       82%         1
 Sandblast                Erth           0%         2d4       82%         1
 Corpse Rot               Necr/Air       0%         N/A       91%         2
 Ensorcelled Hibernation  Hex/Ice        0%         N/A       91%         2
 Passwall                 Tmut/Erth      0%         N/A       91%         2
 Poisonous Vapours        Pois/Air       0%         N/A       91%         2
 Ozocubu's Armour         Ice            0%         N/A       99%         3
 Stone Arrow              Conj/Erth      0%         3d7       99%         3
 Summon Guardian Golem    Hex/Summ       0%         N/A       99%         3
 Swiftness                Air            0%         N/A       99%         3
 Tukima's Dance           Hex            0%         N/A       99%         3
 Anguish                  Hex/Necr       0%         N/A       100%        4
 Agony                    Necr           0%         N/A       100%        5
 Excruciating Wounds      Necr           0%         N/A       100%        5
 Metabolic Englaciation   Hex/Ice        0%         N/A       100%        5
 Simulacrum               Ice/Necr       0%         N/A       100%        6
 Enfeeble                 Hex            0%         N/A       100%        7
 Orb of Destruction       Conj           0%         9d5       100%        7
 Spellforged Servitor     Conj/Summ      0%         N/A       100%        7


Dungeon Overview and Level Annotations

Branches:
Dungeon (9/15)             Temple (1/1) D:4            Lair (3/6) D:9
  Swamp (0/4) Lair:2
  Snake: Lair:2-4    Spider: Lair:2-4       Orc: D:9-12

Altars:
Elyvilon
Makhleb
Nemelex Xobeh
Okawaru
Qazlal
Ru
Sif Muna
Uskayaw
Xom

Shops:
D:3 [   D:8 :

Annotations:
D:8 2 runed translucent doors, Pankoism's ghost, novice GrFi
Lair:3 Snorg


Innate Abilities, Weirdness & Mutations

You regenerate a little health from kills.
When hurt, damage is shared between your health and your magic reserves.
You regenerate magic rapidly.
When low on magic, you restore magic in place of health.
Your movements are slightly less encumbered by armour. (ER -2)
Your touch may irresistibly damage your foes and sap their willpower.


Message History

The wolf is almost dead.
You slash the wolf! You freeze the wolf.
You kill the wolf!
Trog accepts your kill.
You hit the black mamba. You freeze the black mamba.
The wolf bites you but does no damage. You block the black mamba's attack.
You hit the wolf. You freeze the wolf.
You kill the wolf!
Trog accepts your kill.
You hit the black mamba.
The black mamba seems to slow down.
You freeze the black mamba. The black mamba bites you.
You miss the black mamba.
The black mamba is lightly wounded.
You slash the black mamba!
The black mamba seems to slow down.
You freeze the black mamba.
The black mamba is heavily wounded.
The black mamba barely misses you.
You hit the black mamba.
The black mamba seems to slow down.
You freeze the black mamba.
The black mamba is heavily wounded.
The black mamba bites you but does no damage.
You slash the black mamba!
The black mamba seems to slow down.
You freeze the black mamba.
You touch the black mamba!
You kill the black mamba!
Trog accepts your kill.
Your Axes skill increases to level 16!
No target in view!
No target in view!
No target in view!
Magic restored.
J - an emerald potion You now have 345 gold pieces (gained 20).
Found a stone staircase leading up.
Okay, then.
Found a robe.
Found a mace.
You now have 354 gold pieces (gained 9).
K - a scroll labelled CEWEIM JIODU This is a scroll of acquirement!
Are you sure you want to abandon this character and quit the game? (Confirm with "yes".)

........## ##
#.............#### #
...............P#
...............#
##.............## #P
#..............# #.
#.............## #..
#####..............##...
.......@..........###P..
....#.............####..
...................# .
...................#
.........#.........#
....................###
.............#......#
##............#P.#######..#
#.............#### ##.#.#.#


There were no monsters in sight!

Vanquished Creatures
  2 hydras
  Harold (D:8)
  Erica (D:8)
  A two-headed ogre (D:8)
  2 black mambas
  6 cane toads
  Joseph (D:7)
  Maggie (Lair:1)
  An unseen horror (D:5)
  A komodo dragon (Lair:1)
  A kobold demonologist (D:5)
  Prince Ribbit (D:8)
  9 blink frogs
  4 dream sheep (Lair:1)
  17 yaks
  2 basilisks
  An acid dragon (D:9)
  6 water moccasins
  3 orc warriors
  A black bear (D:5)
  A necrophage (D:6)
  An ice beast (D:7)
  20 wolves
  4 ogres
  A centaur (D:8)
  A phantom (D:6)
  A kobold brigand (D:7)
  6 scorpions
  6 bullfrogs
  2 wyvern zombies (D:7)
  A wyvern skeleton (D:7)
  8 killer bees (D:9)
  9 wights
  3 howler monkeys (D:9)
  2 centaur zombies
  3 orc priests
  3 hounds
  2 jellies
  2 bullfrog skeletons
  3 centaur skeletons
  Ijyb (D:4)
  4 orc wizards
  A scorpion zombie (D:5)
  A river rat (D:4)
  7 adders
  A shadow imp (D:7)
  A white imp (D:5)
  20 orcs
  7 bats
  6 endoplasms
  2 giant cockroaches
  5 goblins
  5 hobgoblins
  14 jackals
  2 quokkas (D:4)
  4 ball pythons
  5 frilled lizards
  7 kobolds
  5 rats
239 creatures vanquished.

Vanquished Creatures (others)
  29 fungi
  16 plants
45 creatures vanquished.

Grand Total: 284 creatures vanquished

Notes
Turn   | Place    | Note
-------+----------+-------------------------------------------
     0 | D:1      | knot the Demonspawn Berserker began the quest for the Orb.
     0 | D:1      | Reached XP level 1. HP: 18/18 MP: 1/1
   156 | D:1      | Reached skill level 3 in Axes
   220 | D:1      | Gained mutation: You regenerate magic rapidly. [demonic
                  | ancestry]
   220 | D:1      | Reached XP level 2. HP: 16/24 MP: 2/2
  1505 | D:2      | Reached skill level 4 in Axes
  1505 | D:2      | Gained mutation: Your touch may inflict minor irresistible
                  | damage on your foes. [demonic ancestry]
  1505 | D:2      | Reached XP level 3. HP: 8/29 MP: 3/3
  2325 | D:2      | Reached XP level 4. HP: 30/35 MP: 4/4
  2913 | D:3      | Noticed an ogre
  2920 | D:3      | Killed an ogre
  2921 | D:3      | Reached skill level 5 in Axes
  2921 | D:3      | Reached XP level 5. HP: 41/41 MP: 5/5
  3096 | D:3      | Found Daocsar's Antique Armour Emporium.
  3568 | D:4      | Reached skill level 6 in Axes
  3718 | D:4      | Found a staircase to the Ecumenical Temple.
  3732 | D:4      | Noticed Duvessa
  3733 | D:4      | Noticed Dowan
  3736 | D:4      | Noticed Ijyb
  3749 | Temple   | Entered the Ecumenical Temple
  4416 | D:4      | Noticed Duvessa
  4416 | D:4      | Duvessa changed into Duvessa the river rat
  4417 | D:4      | HP: 1/32 [Duvessa the river rat (8)]
  4731 | D:4      | Killed Duvessa the river rat
  4732 | D:4      | Gained mutation: Your touch may inflict irresistible damage
                  | on your foes. [demonic ancestry]
  4732 | D:4      | Reached XP level 6. HP: 40/40 MP: 6/6
  4743 | D:4      | Killed Ijyb
  5035 | D:4      | Noticed Dowan
  5035 | D:4      | Dowan changed into Dowan the quokka
  5039 | D:4      | Killed Dowan the quokka
  5778 | D:5      | Entered Level 5 of the Dungeon
  5787 | D:5      | Noticed a kobold demonologist
  5901 | D:5      | Noticed a rust devil
  5908 | D:5      | Killed a kobold demonologist
  5909 | D:5      | Reached skill level 7 in Axes
  5909 | D:5      | Gained mutation: When hurt, damage is shared between your
                  | health and your magic reserves. [demonic ancestry]
  5909 | D:5      | Reached XP level 7. HP: 52/52 MP: 7/7
  6301 | D:5      | Reached skill level 8 in Axes
  6612 | D:5      | Killed an unseen horror
  6613 | D:5      | Reached skill level 9 in Axes
  6613 | D:5      | Gained mutation: You regenerate a little health from kills.
                  | [demonic ancestry]
  6613 | D:5      | Reached XP level 8. HP: 30/58 MP: 6/8
  7736 | D:5      | Found a hide-covered altar of Uskayaw.
  8150 | D:6      | Reached skill level 10 in Axes
  8416 | D:6      | Reached ** piety under Trog
  8868 | D:6      | Found an iron altar of Okawaru.
  9169 | D:7      | Noticed Joseph
  9189 | D:7      | Killed Joseph
  9190 | D:7      | Reached skill level 11 in Axes
  9190 | D:7      | Gained mutation: Your touch may irresistibly damage your
                  | foes and sap their willpower. [demonic ancestry]
  9190 | D:7      | Reached XP level 9. HP: 63/63 MP: 5/9
  9872 | D:7      | Found a sacrificial altar of Ru.
 10186 | D:7      | Reached skill level 12 in Axes
 10198 | D:6      | Found a sparkling altar of Nemelex Xobeh.
 10198 | D:6      | Found a shimmering altar of Xom.
 10840 | D:8      | Noticed a two-headed ogre
 10856 | D:8      | Killed a two-headed ogre
 10857 | D:8      | Reached skill level 13 in Axes
 11071 | D:8      | Found the +3 hat of Pondering {ponderous, Will+ MP+10
                  | Int+5}
 11097 | D:8      | Noticed Harold
 11115 | D:8      | Killed Harold
 11116 | D:8      | Reached XP level 10. HP: 70/70 MP: 10/10
 11553 | D:8      | Found Yhyquem's Self-Improvement Boutique.
 11640 | D:8      | Found a large runed translucent door.
 11640 | D:8      | Found a large runed translucent door.
 11641 | D:8      | Noticed Pankoism's ghost (novice GrFi)
 11666 | D:8      | Noticed Prince Ribbit
 11675 | D:8      | Killed Prince Ribbit
 11815 | D:8      | Noticed Erica
 11832 | D:8      | Killed Erica
 12624 | D:9      | Reached skill level 14 in Axes
 12934 | D:9      | Reached skill level 5 in Throwing
 13208 | D:9      | Found a staircase to the Lair.
 13216 | D:9      | HP: 3/105 [orc warrior (14)]
 13216 | D:9      | HP: 1/105 [acid dragon (2)]
 14633 | D:3      | Bought a runed cloak for 150 gold pieces
 14633 | D:3      | Bought an ichor-stained chain mail for 190 gold pieces
 14633 | D:3      | Identified the +1 chain mail of Urghimes {Fly rPois rC+
                  | Slay-2 Stlth+} (You bought it in a shop on level 3 of the
                  | Dungeon)
 14797 | Lair:1   | Entered Level 1 of the Lair of Beasts
 14807 | Lair:1   | Noticed a black mamba
 14823 | Lair:1   | Killed a black mamba
 14979 | Lair:1   | Noticed a cane toad
 15001 | Lair:1   | Killed a cane toad
 15002 | Lair:1   | Gained mutation: Your movements are slightly less
                  | encumbered by armour. (ER -2) [demonic ancestry]
 15002 | Lair:1   | Reached XP level 11. HP: 51/75 MP: 11/11
 15741 | Lair:1   | Noticed a five-headed hydra
 15758 | Lair:1   | Killed a one-headed hydra
 16104 | Lair:1   | Noticed Maggie
 16128 | Lair:1   | Reached skill level 15 in Axes
 16135 | Lair:1   | Killed Maggie
 17968 | Lair:2   | Found a staircase to the Swamp.
 18384 | Lair:2   | Gained mutation: When low on magic, you restore magic in
                  | place of health. [demonic ancestry]
 18384 | Lair:2   | Reached XP level 12. HP: 52/81 MP: 12/12
 18818 | Lair:2   | Noticed a six-headed hydra
 18823 | Lair:2   | Killed a six-headed hydra
 19392 | Lair:3   | Noticed Snorg
 19519 | Lair:3   | Reached *** piety under Trog
 19520 | Lair:3   | Reached skill level 16 in Axes
 19625 | Lair:3   | Identified a scroll of acquirement
 19625 | Lair:3   | Quit the game

Illustrated notes

Levels and vault maps discovered:
D:1:      lordsloth_arrival_two_stooges, layout_basic, grunt_decor_fettered,
          minmay_misc_feat_diagonals, nicolae_concentric_dashed_squares_wild
D:2:      layout_rooms, hangedman_decor_clover_reticule
D:3:      layout_basic, serial_shops, shop, kennysheep_path_1
D:4:      layout_rooms, temple_doors_e, uniq_duvessa, uniq_ijyb
D:5:      layout_loops_cross, nicolae_uskayaw_suspiria, item_on_display_a
D:6:      layout_rooms, nicolae_overflow_hidden_temple, grunt_ministairs_6
D:7:      layout_loops_ring, nicolae_ru_awakened_eye, palyth_stone_intersect,
          minmay_misc_feat_alley, minivault_27, uniq_joseph
D:8:      layout_loops_ring, ebering_ghost_disaster_area,
          nicolae_shop_self_help, uniq_harold, uniq_erica, uniq_prince_ribbit1
D:9:      layout_grid_maze, grunt_lair_entry_orc_guard_hut
Temple:   dshaligram_water_room_temple
Lair:1:   layout_small_grid, minivault_27, grunt_forest_small_clearing_treed,
          uniq_maggie
Lair:2:   layout_cave_pods, swamp_mist_pool
Lair:3:   layout_cave_pods, dummy_spider_entry, gammafunk_ghost_cemetery,
          beast_lair_carwin_4, uniq_snorg

Skill      XL: |  1  2  3  4  5  6  7  8  9 10 11 12 |
---------------+-------------------------------------+-----
Axes           | 3 4 5 6 7 9 11 13 14 15 16 | 16.0
Throwing       | 2 5 9 |  9.5
Fighting       | |  3.0
Armour         | |  1.7
Dodging        | |  1.7

Action                   |  1- 3 |  4- 6 |  7- 9 | 10-12 || total
-------------------------+-------+-------+-------+-------++-------
Melee: Hand axe          |   123 |    96 |   259 |   549 ||  1027
       Touch             |     6 |    15 |    42 |    69 ||   132
       Punch             |       |       |     5 |     7 ||    12
       Scimitar          |       |       |       |     7 ||     7
Throw: Stone             |       |       |    12 |       ||    12
       Dart              |       |       |     7 |    10 ||    17
       Boomerang         |       |       |       |    65 ||    65
Invok: Berserk           |     3 |     5 |    16 |    17 ||    41
Evoke: Wand              |       |     6 |     2 |       ||     8
  Use: Potion            |       |       |     5 |     2 ||     7
       Scroll            |       |       |     1 |    11 ||    12
 Stab: Sleeping          |     1 |     1 |       |       ||     2
Armor: Animal skin       |    20 |    16 |    13 |       ||    49
       Skin              |       |       |    16 |       ||    16
       Robe              |       |       |     9 |    17 ||    26
       Chain mail        |       |       |       |   175 ||   175
Dodge: Dodged            |    96 |    45 |    83 |   185 ||   409
Block: Other             |    31 |    18 |    34 |    99 ||   182

Table legend: (Time is in decaauts)
 A = Elapsed time spent in this place.
 B = Non-inter-level travel time spent in this place.
 C = Inter-level travel time spent in this place.
 D = Time resting spent in this place.
 E = Time spent auto-exploring this place.
 F = Levels seen in this place.
 G = Mean time per level.
                   A        B        C        D        E       F      G
               +--------+--------+--------+--------+--------+-----+--------+
         Total |  20111 |  19054 |   1057 |   9566 |   7700 |  13 | 1547.0 |
       Dungeon |  14793 |  13955 |    838 |   6675 |   6016 |   9 | 1643.7 |
        Temple |    669 |    669 |      0 |    657 |      0 |   1 |  669.0 |
          Lair |   4649 |   4431 |    218 |   2233 |   1684 |   3 | 1549.7 |
               +--------+--------+--------+--------+--------+-----+--------+

Top non-repeatable levels by time:
     D:5: 2417 daAuts
  Lair:1: 2338 daAuts
     D:9: 2319 daAuts
  Lair:2: 2126 daAuts
     D:1: 1849 daAuts
     D:8: 1791 daAuts
     D:4: 1557 daAuts
     D:7: 1442 daAuts
     D:6: 1351 daAuts
     D:3: 1058 daAuts
     D:2: 1006 daAuts
  Temple: 669 daAuts
  Lair:3: 183 daAuts
